 Dungeon Sprint DCSS version 0.27-a0-1154-gfdeffcb720 (webtiles) character file.

Game seed: 10232349619967036123

1676 Zeld the Envoy of Void (level 9, -1/68 HPs)
             Began as an Octopode Abyssal Knight on May 15, 2021.
             Was a High Priest of Lugonu.
             Slain by a spriggan rider
             ... wielding a +0 spear
              (21 damage)
             ... in the Dungeon (Sprint V: "Ziggurat Sprint").
             The game lasted 00:03:53 (1082 turns).

Zeld the Envoy of Void (Octopode Abyssal Knight)    Turns: 1082, Time: 00:03:53

Health: -1/68      AC:  1    Str: 26    XL:     9   Next: 1%
Magic:  15/17      EV: 13    Int: 15    God:    Lugonu [*****.]
Gold:   0          SH: 20    Dex: 15    Spells: 8/8 levels left

rFire    + . .     SeeInvis +   h - +5 broad axe
rCold    . . .     Faith    .   g - +3 tower shield
rNeg     . . .     Spirit   .   (helmet restricted)
rPois    .         Reflect  .   (no amulet)
rElec    .         Harm     .   v - +6 ring of strength
rCorr    .         Rampage  .   u - +6 ring of strength
Will     .....     NoTele   +   x - ring of Xom's Passing Interest {rF+ Dex+4 SInv}
Stlth    ++........             (no ring)
HPRegen  0.21/turn              (no ring)
MPRegen  0.15/turn              (no ring)
                                (no ring)
                                (no ring)

@: lethally poisoned (-1 -> -16)
A: almost no armour, amphibious, 8 rings, camouflage 1, gelatinous body 1,
(nimble swimmer 1), tentacles
a: Renounce Religion, Bend Space, Banish, Corrupt


You were in the Dungeon.
You worshipped Lugonu.
Lugonu was extremely pleased with you.
You visited 1 branch

Inventory:

Hand Weapons
 h - a +5 broad axe (weapon)
Armour
 g - a +3 tower shield (worn)
Jewellery
 u - a +6 ring of strength (right tentacle)
 v - a +6 ring of strength (left tentacle)
 x - the ring of Xom's Passing Interest (on tentacle) {rF+ Dex+4 SInv}
   (You acquired it in the Dungeon)

   [ring of see invisible]

   It affects your dexterity (+4).
   It protects you from fire.
   It lets you see invisible.
Wands
 q - a wand of mindburst (7)
 s - a wand of iceblast (7)
 t - a wand of acid (7)
Scrolls
 f - 4 scrolls of blinking
 i - 4 scrolls of amnesia
 j - 7 scrolls of fog
 k - a scroll of holy word
 l - 5 scrolls of identify
 m - 2 scrolls of fear
Potions
 a - 6 potions of curing
 b - 5 potions of heal wounds
 c - 6 potions of haste
 d - 7 potions of magic
 e - 3 potions of berserk rage
 n - 2 potions of brilliance
 o - 2 potions of invisibility
 p - 4 potions of resistance
 r - 5 potions of might
Miscellaneous
 w - a lightning rod (4/4)
 y - a tin of tremorstones (2/2)
 z - a lightning rod (4/4)
 A - a lightning rod (4/4)


   Skills:
 * Level 9.3 Fighting
 * Level 9.7 Axes
 - Level 8.2 Dodging
 * Level 8.0 Shields
 - Level 2.0 Unarmed Combat
 * Level 10.7 Invocations


You had 8 spell levels left.
You didn't know any spells.
Your spell library contained the following spells:

 Spells                   Type           Power      Damage    Failure   Level
 Foxfire                  Conj/Fire      0%         2x1d4     94%         1
 Conjure Flame            Conj/Fire      0%         6-21      100%        3
 Inner Flame              Hex/Fire       0%         N/A       100%        3
 Animate Dead             Necr           0%         N/A       100%        4
 Cause Fear               Hex            0%         N/A       100%        4
 Dispel Undead            Necr           0%         3d6       100%        4
 Ice Form                 Ice/Tmut       0%         N/A       100%        4
 Leda's Liquefaction      Hex/Erth       0%         N/A       100%        4
 Olgreb's Toxic Radiance  Pois           0%         N/A       100%        4
 Sticky Flame             Conj/Fire      0%         2d3       100%        4
 Summon Lightning Spire   Summ/Air       0%         N/A       100%        4
 Fireball                 Conj/Fire      0%         3d3       100%        5
 Silence                  Hex/Air        0%         N/A       100%        5
 Yara's Violent Unravell  Hex/Tmut       0%         3d3       100%        5
 Conjure Ball Lightning   Conj/Air       0%         3x3d6     100%        6
 Discord                  Hex            0%         N/A       100%        8
 Tornado                  Air            0%         N/A       100%        9


Dungeon Overview and Level Annotations

Branches:
Dungeon (1/1)

Altars:
Ashenzari
Cheibriados
Dithmenos
Elyvilon
Fedhas
Gozag
Hepliaklqana
Kikubaaqudgha
Makhleb
Nemelex Xobeh
Okawaru
Qazlal
Ru
Sif Muna
Trog
Uskayaw
Vehumet
Wu Jian
Xom
Yredelemnul
Zin
The Shining One
Beogh
Jiyva
Lugonu


Innate Abilities, Weirdness & Mutations

You cannot wear most types of armour.
You are amphibious.
You can wear up to eight rings at the same time.
Your skin changes colour to match your surroundings (Stealth+).
Your rubbery body absorbs attacks. (AC +1, EV +1)
((You are camouflaged near water. (Stealth+)))
You have tentacles for arms and can constrict up to eight enemies at once.


Message History

You are too injured to fight recklessly!
You are too injured to fight recklessly!
You are too injured to fight recklessly!
You feel much better.
You constrict the spriggan druid. The spriggan hits you with a +0 dagger!
You block the spriggan's attack. The spriggan rider barely misses you.
The spriggan druid calls out to the beasts of the wild!
You block the spriggan druid's attack.
You feel better.
You constrict the spriggan druid. You block the spriggan's attack.
The spriggan closely misses you. You block the spriggan rider's attack.
The spriggan druid mumbles some strange words.
The spriggan druid is healed somewhat.
The spriggan druid completely misses you.
You slash the spriggan druid!
You kill the spriggan druid!
Lugonu accepts your kill.
You barely miss the spriggan. You slash the spriggan!
The spriggan hits you with a +0 dagger! You block the spriggan's attack.
You block the spriggan rider's attack. You block the spriggan druid's attack.
You block the spriggan's attack.
Your lightning rod (4/4) has regained two charges.
Your Fighting skill increases to level 9!
Your Shields skill increases to level 8!
You have reached level 9!
Your experience leads to an increase in your attributes!
Your base attributes are Str 13, Int 15, Dex 11.
Increase (S)trength, (I)ntelligence, or (D)exterity?
You feel stronger.
Unknown command.
You miss the spriggan. Your grab misses the spriggan.
The spriggan is almost dead.
You hit the spriggan. You block the spriggan's attack.
You block the spriggan rider's attack.
The spriggan druid hits you from afar with a +2 trident of venom!
You are poisoned.
The spriggan hits you with a +0 dagger. The spriggan hits you with a +0 rapier.
* * * LOW HITPOINT WARNING * * *
The spriggan rider hits you from afar with a +0 spear!!
You die...

▓...||..▓
▓..)}:..▓
▓.......▓
▓.......▓
▓.......▓
...ii..
▓.▓i).▓.▓
▓..i@...▓
▓▓▓▓▓▓▓▓▓


You could see a spriggan rider, a spriggan druid and 2 spriggans.

Vanquished Creatures
  A spriggan druid (D)
  A jumping spider (D)
  3 black bears (D)
  3 wolves (D)
  3 phantoms (D)
  3 scorpions (D)
  An orc priest (D)
  An ufetubus (D)
  An adder skeleton (D)
  An adder zombie (D)
  An orc (D)
  A quokka skeleton (D)
20 creatures vanquished.

Notes
Turn   | Place    | Note
-------+----------+-------------------------------------------
     0 | D        | Zeld the Octopode Abyssal Knight began the quest for the
                  | Orb.
     0 | D        | Reached XP level 1. HP: 16/16 MP: 2/2
     2 | D        | Found a blossoming altar of Fedhas.
     3 | D        | Found the +6 Majin-Bo {vamp, MP+6 Int+6}
     3 | D        | Found the +9 heavy crossbow "Sniper" {vorpal, Acc+∞ SInv}
     3 | D        | Found the +10 dark maul {vorpal}
     3 | D        | Found the +15 Maxwell's patent armour {-Cast -Tele rElec
                  | Will+ rCorr}
     3 | D        | Found the +18 shield of the Gong {rElec rN+ Will+ EV-5}
     3 | D        | Found the +14 obsidian axe {vorpal, Drain Fly SInv}
     3 | D        | Found the +7 great mace "Firestarter" {inner flame, rF++}
     3 | D        | Found the +6 shillelagh "Devastator" {shatter}
     3 | D        | Found the +11 plutonium sword {Contam Stlth-}
     3 | D        | Found the +8 lance "Wyrmbane" {slay drac, rPois rF+ rC+
                  | AC+3}
     3 | D        | Found the +9 sword of Zonguldrok {reap}
     3 | D        | Found the +13 scythe of Curses {drain, Drain}
     3 | D        | Found the +5 sword of Power {vorpal}
     3 | D        | Found the +7 mace of Variability {chain chaos}
     3 | D        | Found the +7 Singing Sword {vorpal, sonic wave}
     3 | D        | Found the +8 storm bow {elec, penet}
     4 | D        | Found a viscous altar of Jiyva.
     4 | D        | Found a hazy altar of Hepliaklqana.
     4 | D        | Found a transporter.
     4 | D        | Found an opulent altar of Gozag.
     4 | D        | Found an ancient bone altar of Kikubaaqudgha.
     4 | D        | Found a corrupted altar of Lugonu.
     8 | D        | Found a burning altar of Makhleb.
     9 | D        | Found a sacrificial altar of Ru.
     9 | D        | Found a shimmering blue altar of Sif Muna.
     9 | D        | Found a stormy altar of Qazlal.
     9 | D        | Found a bloodstained altar of Trog.
     9 | D        | Found an iron altar of Okawaru.
     9 | D        | Found a sparkling altar of Nemelex Xobeh.
    15 | D        | Reached skill level 5 in Invocations
    15 | D        | Reached XP level 2. HP: 21/21 MP: 2/5
    81 | D        | Entered arena 2.
    81 | D        | Found a transporter.
    85 | D        | Reached XP level 3. HP: 17/26 MP: 7/7
   199 | D        | Entered arena 3.
   199 | D        | Noticed a phantom
   199 | D        | Noticed a phantom
   199 | D        | Noticed a phantom
   199 | D        | Found a transporter.
   203 | D        | Killed a phantom
   203 | D        | Reached ** piety under Lugonu
   204 | D        | Reached skill level 5 in Axes
   204 | D        | Reached skill level 6 in Invocations
   204 | D        | Reached XP level 4. HP: 34/34 MP: 8/8
   204 | D        | Killed a phantom
   205 | D        | Reached skill level 5 in Fighting
   205 | D        | Reached skill level 5 in Dodging
   205 | D        | Reached skill level 5 in Shields
   205 | D        | Reached skill level 7 in Invocations
   205 | D        | Reached XP level 5. HP: 39/39 MP: 8/10
   206 | D        | Killed a phantom
   207 | D        | Reached XP level 6. HP: 46/46 MP: 8/11
   214 | D        | Got The Foundations of Spellweaving
   431 | D        | Entered arena 4.
   431 | D        | Noticed a jumping spider
   431 | D        | Found a transporter.
   432 | D        | Found the +9 staff of Olgreb {rPois∞}
   434 | D        | Reached *** piety under Lugonu
   437 | D        | Reached skill level 8 in Invocations
   448 | D        | Reached XP level 7. HP: 28/53 MP: 13/13
   448 | D        | Killed a jumping spider
   449 | D        | Reached skill level 9 in Invocations
   595 | D        | Acquired the ring of Xom's Passing Interest {rF+ Dex+4
                  | SInv}
   802 | D        | Entered arena 5.
   802 | D        | Found a transporter.
   806 | D        | Reached **** piety under Lugonu
   952 | D        | Entered arena 6.
   952 | D        | Found a transporter.
   959 | D        | Reached ***** piety under Lugonu
   960 | D        | Reached XP level 8. HP: 44/61 MP: 13/15
  1074 | D        | Entered arena 7.
  1074 | D        | Noticed a spriggan
  1074 | D        | Noticed a spriggan druid
  1074 | D        | Noticed a spriggan
  1074 | D        | Noticed a spriggan druid
  1074 | D        | Noticed a spriggan rider
  1077 | D        | Reached skill level 10 in Invocations
  1081 | D        | Killed a spriggan druid
  1082 | D        | Reached XP level 9. HP: 44/68 MP: 15/17
  1082 | D        | Slain by a spriggan rider

Illustrated notes

Levels and vault maps discovered:
D:        sprint_v [room_start, room_1, room_2, room_3, room_4, room_5, room_6,
          room_7, room_8, room_9, room_10, room_11, room_12, room_13, room_14,
          room_15, room_16, room_17, room_18, room_19, room_20, room_21,
          room_22, room_23, room_24, room_25, room_26, room_27]

Skill      XL: |  1  2  3  4  5  6  7  8 |
---------------+-------------------------+-----
Axes           | 4 5 6 7 8 9 |  9.7
Shields        | 4 5 6 8 |  8.0
Invocations    | 5 6 7 8 9 10 | 10.7
Dodging        | 3 4 5 6 7 8 |  8.2
Fighting       | 4 5 6 8 9 |  9.3
Unarmed Combat | |  2.0

Action                   |  1- 3 |  4- 6 |  7- 9 || total
-------------------------+-------+-------+-------++-------
Melee: Broad axe         |     4 |    10 |    16 ||    30
       Tentacles         |     2 |     3 |     2 ||     7
       Constrict         |       |     2 |     6 ||     8
Evoke: Lightning rod     |     1 |       |     3 ||     4
  Use: Potion            |     1 |     6 |     3 ||    10
       Scroll            |       |       |     1 ||     1
Dodge: Dodged            |     3 |    11 |    30 ||    44
Block: Tower shield      |     5 |    30 |    40 ||    75

Table legend: (Time is in decaauts)
 A = Elapsed time spent in this place.
 B = Non-inter-level travel time spent in this place.
 C = Inter-level travel time spent in this place.
 D = Time resting spent in this place.
 E = Time spent auto-exploring this place.
 F = Levels seen in this place.
 G = Mean time per level.
                   A        B        C        D        E       F      G
               +--------+--------+--------+--------+--------+-----+--------+
         Total |   1097 |   1097 |      0 |    898 |      0 |   1 | 1097.0 |
       Dungeon |   1097 |   1097 |      0 |    898 |      0 |   1 | 1097.0 |
               +--------+--------+--------+--------+--------+-----+--------+

Top non-repeatable levels by time:
       D: 1097 daAuts
